 Dungeon Crawl Stone Soup version 0.21.1-1-g345015fe64 (webtiles) character file.

1458 ProfessorDoyle the Skirmisher (level 8, -9/73 HPs)
             Began as a Minotaur Berserker on Apr 4, 2018.
             Was a Priest of Trog.
             Mangled by KleinerIrrer's ghost (10 damage)
             ... on level 7 of the Dungeon.
             The game lasted 00:24:40 (3018 turns).

ProfessorDoyle the Skirmisher (Minotaur Berserker)  Turns: 3018, Time: 00:24:42

Health: -9/73      AC:  6    Str: 25    XL:     8   Next: 47%
Magic:  7/7        EV: 13    Int:  4    God:    Trog [***...]
Gold:   117        SH:  0    Dex:  9    Spells: 7/7 levels left

rFire    . . .     SeeInvis .   y - +2 trident
rCold    . . .     Gourm    .   (no shield)
rNeg     . . .     Faith    .   t - +0 ring mail
rPois    .         Spirit   .   (helmet restricted)
rElec    .         Reflect  .   (no cloak)
rCorr    .         Harm     .   (no gloves)
MR       .....                  (no boots)
Stlth    +.........             (no amulet)
HPRegen  0.22/turn              q - ring of wizardry
MPRegen  0.10/turn              (no ring)

@: no status effects
A: retaliatory headbutt, horns 2
a: Berserk, Trog's Hand, Burn Spellbooks, Renounce Religion


You were on level 7 of the Dungeon.
You worshipped Trog.
Trog was most pleased with you.
You were not hungry.

You visited 1 branch of the dungeon, and saw 5 of its levels.

You collected 117 gold pieces.

Inventory:

Hand Weapons
 a - a +0 falchion
 e - a +2 dagger of flaming
 j - a +0 whip
 s - a +0 giant spiked club
 u - a +0 dagger of venom
 y - a +2 trident (weapon)
Missiles
 f - 93 stones (quivered)
 i - 18 poisoned needles
 k - 12 sling bullets
 m - 6 tomahawks
 n - 10 arrows
Armour
 b - a +0 animal skin
 g - a +0 robe
 t - a +0 ring mail (worn)
Jewellery
 q - a ring of wizardry (left hand)
Wands
 h - a wand of polymorph (3)
Scrolls
 d - a scroll of teleportation
 l - a scroll of identify
Potions
 o - a potion of haste
Comestibles
 c - 2 rations
 w - 2 chunks of flesh


   Skills:
 + Level 7.2 Fighting
 + Level 5.8(6.4) Short Blades
 + Level 4.6(6.2) Long Blades
 + Level 6.4 Armour
 + Level 4.8 Dodging
 + Level 2.1 Stealth


You had 7 spell levels left.
You didn't know any spells.

Dungeon Overview and Level Annotations

Branches:
Dungeon (5/15)
 Temple: D:4-7

Altars:
Ashenzari
Fedhas
Qazlal
Xom

Annotations:
D:7 KleinerIrrer's ghost, novice DrTm


Innate Abilities, Weirdness & Mutations

You reflexively headbutt those who attack you in melee.
You have a pair of horns on your head.


Message History

KleinerIrrer's ghost keens inconsolably.
The quokka bites you but does no damage.
The quokka bites you but does no damage.
A hobgoblin comes into view.
The hobgoblin moves out of view.
You see here 21 stones.
The quokka bites you.
* * * LOW HITPOINT WARNING * * *
Found a scroll labeled NIOD GURAC TAN.
You puncture the quokka!
You kill the quokka!
Trog accepts your kill.
You closely miss KleinerIrrer's ghost.
KleinerIrrer's ghost is lightly damaged.
KleinerIrrer's ghost hits you.
* * * LOW HITPOINT WARNING * * *
KleinerIrrer's ghost burns you.
* * * LOW HITPOINT WARNING * * *
KleinerIrrer's ghost hits you!
You die...

...##.....(..(..##.#...
.(..#...........##.)...
.......#.###..#)...#..
......................#
..####......#...#.#...#
..####......?........###
....##......##...##....#
#..............#.##.<#.#
##.............W@......?
.....##.##...#.#.##.....
.#......###......## ....
.....#### #........ .
...#.# #.##....##
.###.## #.##..#... .#
#..#####.#........ .#
##...........####. .#
########...>...


You could see KleinerIrrer's ghost.

Vanquished Creatures
  Grinder (D:5)
  A hippogriff (D:7)
  2 ice beasts
  A sky beast (D:7)
  2 black bears (D:7)
  An ogre (D:5)
  A centaur (D:7)
  2 scorpions
  A howler monkey (D:7)
  2 crimson imps (D:7)
  3 hounds
  A bullfrog skeleton (D:4)
  2 worker ants
  2 adders
  An adder skeleton (D:7)
  A worm (D:2)
  3 dart slugs
  3 leopard geckos
  6 orcs
  7 bats
  4 giant cockroaches
  8 goblins
  3 hobgoblins
  7 jackals
  4 quokkas
  4 frilled lizards
  8 kobolds (D:1)
  A quokka zombie (D:7)
  3 rats
85 creatures vanquished.

Vanquished Creatures (others)
  A plant (D:1)
1 creature vanquished.

Grand Total: 86 creatures vanquished

Notes
Turn   | Place    | Note
-------+----------+-------------------------------------------
     0 | D:1      | ProfessorDoyle the Minotaur Berserker began the quest for the Orb.
     0 | D:1      | Reached XP level 1. HP: 19/19 MP: 0/0
   337 | D:1      | Reached skill level 4 in Fighting
   337 | D:1      | Reached XP level 2. HP: 27/27 MP: 1/1
  1213 | D:2      | Found a shattered altar of Ashenzari.
  1217 | D:2      | Reached XP level 3. HP: 34/34 MP: 2/2
  1267 | D:2      | Reached ** piety under Trog
  1490 | D:2      | Reached skill level 1 in Short Blades
  1539 | D:2      | You fall through a shaft for 2 floors!
  1625 | D:4      | Reached XP level 4. HP: 41/41 MP: 3/3
  1732 | D:4      | Found a stormy altar of Qazlal.
  1745 | D:4      | Found a blossoming altar of Fedhas.
  1765 | D:4      | Reached skill level 5 in Fighting
  1765 | D:4      | Reached XP level 5. HP: 37/48 MP: 4/4
  2242 | D:4      | Found a sacrificial altar of Ru.
  2244 | D:4      | Found a shimmering altar of Xom.
  2244 | D:4      | Found an opulent altar of Gozag.
  2246 | D:4      | Found a burning altar of Makhleb.
  2246 | D:4      | Found an ancient bone altar of Kikubaaqudgha.
  2246 | D:4      | Found a stormy altar of Qazlal.
  2393 | D:5      | Entered Level 5 of the Dungeon
  2393 | D:5      | Noticed an ogre
  2395 | D:5      | Noticed Grinder
  2399 | D:5      | Killed an ogre
  2399 | D:5      | Reached skill level 1 in Stealth
  2399 | D:5      | Reached XP level 6. HP: 56/56 MP: 5/5
  2407 | D:5      | Killed Grinder
  2448 | D:5      | Noticed an ice beast
  2461 | D:5      | Killed an ice beast
  2461 | D:5      | Reached XP level 7. HP: 45/62 MP: 6/6
  2487 | D:5      | You fall through a shaft for 2 floors!
  2495 | D:7      | Reached skill level 6 in Fighting
  2733 | D:7      | Noticed a hippogriff
  2740 | D:7      | Killed a hippogriff
  2740 | D:7      | Reached skill level 5 in Armour
  2801 | D:7      | Reached *** piety under Trog
  2804 | D:7      | Reached XP level 8. HP: 69/71 MP: 7/7
  2822 | D:7      | Reached skill level 5 in Short Blades
  2844 | D:7      | Reached skill level 7 in Fighting
  2958 | D:7      | Noticed KleinerIrrer's ghost (novice DrTm)
  2992 | D:7      | HP: 3/73 [KleinerIrrer's ghost (1)]
  3018 | D:7      | HP: 2/73 [KleinerIrrer's ghost (5)]
  3018 | D:7      | Mangled by KleinerIrrer's ghost

Skill      XL: |  1  2  3  4  5  6  7  8 |
---------------+-------------------------+-----
Fighting       | 4 5 6 7 |  7.2
Long Blades    | 4 |  4.6
Short Blades   | 1 2 3 4 5 |  5.8
Dodging        | 3 4 |  4.8
Armour         | 3 4 5 6 |  6.4
Stealth        | 1 2 |  2.1

Action                   |  1- 3 |  4- 6 |  7- 9 || total
-------------------------+-------+-------+-------++-------
Melee: Dagger            |    87 |    60 |    81 ||   228
       Falchion          |     6 |       |       ||     6
       Headbutt          |    11 |    15 |    15 ||    41
       Trident           |       |       |     5 ||     5
Invok: Berserk           |       |     1 |     2 ||     3
  Use: Scroll            |     3 |       |     4 ||     7
       Potion            |       |     2 |     1 ||     3
  Eat: Chunk             |     2 |       |     4 ||     6
       Ration            |       |     1 |       ||     1
Armor: Animal skin       |     8 |       |       ||     8
       Ring mail         |    11 |    14 |    28 ||    53
Dodge: Dodged            |    39 |    33 |    64 ||   136
